 Dungeon Crawl Stone Soup version 0.31.0-11-ge490571c62 (webtiles) character file.

Game seed: 10211239829073965934

1619835 Strat the Crack Shot (level 26, 184/195 (199) HPs)
             Began as a Human Hexslinger on Feb 1, 2024.
             Was the Champion of Hepliaklqana.
             Escaped with the Orb
             ... and 3 runes on Feb 2, 2024!
             The game lasted 04:10:53 (68877 turns).

Strat the Crack Shot (Human Hexslinger)            Turns: 68877, Time: 04:10:54

HP:   184/195 (199) AC: 29    Str: 11    XL:     26   Next: 6%
MP:   35/35         EV: 34    Int: 14    God:    Hepliaklqana [******]
Gold: 3388          SH:  9    Dex: 27    Spells: 14/39 levels left

rFire   + . .        a - +9 triple crossbow (flame)
rCold   + . .        (shield currently unavailable)
rNeg    . . .        P - +3 acid dragon scales
rPois   +            r - +2 helmet
rElec   .            T - +2 cloak of the Maze {Fly rC+}
rCorr   +            N - +2 pair of gloves
SInv    .            R - +2 pair of boots
Will    +....        Q - amulet of reflection
Stlth   +            F - ring of Joy {rF+ rCorr AC+4}
HPRegen 0.52/turn    w - ring "Ireakk" {+Blink rPois EV+5 Dex+2}
MPRegen 0.24/turn

%: reflection
@: flying, lightly drained
A: reduced essence, explore regen, large bone plates 1
0: Orb of Zot
}: 3/15 runes: serpentine, barnacled, slimy
a: Renounce Religion, Evoke Blink, Recall Ancestor, Ancestor Identity,
Transference, Idealise


You escaped.
You worshipped Hepliaklqana.
Hepliaklqana was exalted by your worship.
You visited 10 branches of the dungeon, and saw 51 of its levels.
You visited the Abyss 1 time.
You visited 2 bazaars.

You collected 8571 gold pieces.
You spent 5183 gold pieces at shops.

Inventory:

Hand Weapons
 a - a +9 triple crossbow of flaming (weapon)
 b - a +2 arbalest of freezing
Missiles
 y - 22 throwing nets
Armour
 p - the +5 leather armour of Tartarus {+Blink rN++ Int+4}
   (You found it on level 11 of the Dungeon)

   Int+4:     It affects your intelligence (+4).
   rN++:      It greatly protects you from negative energy.
   +Blink:    It lets you blink.
 r - a +2 helmet (worn)
 B - the +5 robe of Night {Dark Will+ SInv}
   (You found it on level 7 of the Dungeon)

   Dark:      It shrouds the wearer in darkness, reducing the range at which
   they can see and be seen by others.
   Will+:     It increases your willpower.
   SInv:      It lets you see invisible.
 N - a +2 pair of gloves (worn)
 P - +3 acid dragon scales (worn)
 R - a +2 pair of boots (worn)
 T - the +2 cloak of the Maze (worn) {Fly rC+}
   (You acquired it on level 2 of the Depths)

   rC+:       It protects you from cold.
   Fly:       It grants you flight.
Jewellery
 w - the ring "Ireakk" (right hand) {+Blink rPois EV+5 Dex+2}
   (You bought it in a shop on level 2 of the Snake Pit)

   [ring of evasion]

   EV+5:      It affects your evasion (+5).
   Dex+2:     It affects your dexterity (+2).
   rPois:     It protects you from poison +Blink: It lets you blink.
 D - the ring "Firauzub" {MP+9 Str-4 Slay+6 Stlth+}
   (You took it off a deep elf demonologist on level 3 of the Elven Halls)

   [ring of magical power]

   Str-4:     It affects your strength (-4).
   Slay+6:    It affects your accuracy & damage with ranged weapons and melee
   (+6).
   MP+9:      It affects your magic capacity (+9).
   Stlth+:    It makes you more stealthy.
 F - the ring of Joy (left hand) {rF+ rCorr AC+4}
   (You took it off a deep elf demonologist on level 3 of the Elven Halls)

   [ring of protection]

   AC+4:      It affects your AC (+4).
   rF+:       It protects you from fire.
   rCorr:     It protects you from acid and corrosion.
 Q - an amulet of reflection (around neck)
 W - the ring "Teucegek" {rPois rF+++ Int+6 Dex-2}
   (You took it off a vampire mage on level 4 of the Depths)

   [ring of intelligence]

   Int+6:     It affects your intelligence (+6).
   Dex-2:     It affects your dexterity (-2).
   rF+++:     It renders you almost immune to fire.
   rPois:     It protects you from poison
Wands
 e - a wand of polymorph (24)
 o - a wand of flame (43)
 t - a wand of iceblast (25)
 E - a wand of digging (17)
 G - a wand of acid (29)
 M - a wand of mindburst (63)
 Z - a wand of paralysis (49)
Scrolls
 d - 2 scrolls of revelation
 g - 9 scrolls of immolation
 j - 8 scrolls of poison
 k - a scroll of summoning
 m - 8 scrolls of fog
 s - a scroll of teleportation
 u - a scroll of silence
 A - 11 scrolls of amnesia
 I - 4 scrolls of enchant weapon
 S - 8 scrolls of vulnerability
 V - a scroll of fear
Potions
 f - 6 potions of brilliance
 h - a potion of lignification
 l - a potion of magic {unknown}
 q - 14 potions of ambrosia
 v - 6 potions of mutation
 x - 6 potions of invisibility
 z - 2 potions of enlightenment
 C - 2 potions of berserk rage
 H - 2 potions of cancellation
 K - 6 potions of might
 O - 4 potions of resistance


   Skills:
 + Level 21.4 Fighting
 - Level 26.0 Ranged Weapons
 - Level 10.0 Armour
 + Level 18.9 Dodging
 - Level 5.0 Stealth
 - Level 7.4 Spellcasting
 - Level 11.5 Hexes
 - Level 8.0 Translocations
 - Level 1.0 Fire Magic
 + Level 17.1 Invocations
 - Level 10.0 Evocations


You had 14 spell levels left.
You knew the following spells:

 Your Spells              Type           Power      Damage    Failure   Level
a - Jinxbite              Hex            74%        N/A       1%          2
b - Inner Flame           Hex/Fire       22%        N/A       4%          3
c - Cause Fear            Hex            18%        N/A       1%          4
d - Dimensional Bullseye  Hex/Tloc       16%        N/A       3%          4
e - Blink                 Tloc           54%        N/A       1%          2
f - Tukima's Dance        Hex            37%        N/A       1%          3
g - Sigil of Binding      Hex            37%        N/A       1%          3
h - Passage of Golubria   Tloc           27%        N/A       7%          4

Your spell library contained the following spells:

 Spells                   Type           Power      Damage    Failure   Level
 Lesser Beckoning         Tloc           54%        N/A       1%          2
 Confusing Touch          Hex            37%        N/A       1%          3
 Ensorcelled Hibernation  Hex/Ice        42%        N/A       2%          2
 Momentum Strike          Conj/Tloc      32%        3d8       5%          2
 Dazzling Flash           Conj/Hex       42%        N/A       5%          3
 Manifold Assault         Tloc           27%        N/A       7%          4
 Volatile Blastmotes      Fire/Tloc      34%        2d12      9%          3
 Freeze                   Ice            20%        1d4       19%         1
 Kiss of Death            Conj/Necr      20%        2d7       19%         1
 Magic Dart               Conj           20%        1d4       19%         1
 Necrotise                Necr           20%        1d5       19%         1
 Sandblast                Erth           10%        2d5       19%         1
 Anguish                  Hex/Necr       10%        N/A       19%         4
 Call Imp                 Summ           10%        N/A       28%         2
 Cigotuvi's Dreadful Rot  Necr/Alch/Air  10%        N/A       28%         2
 Searing Ray              Conj           10%        2d4       28%         2
 Static Discharge         Conj/Air       10%        3-4/arc   28%         2
 Sublimation of Blood     Necr           5%         N/A       28%         2
 Iskenderun's Mystic Bla  Conj/Tloc      16%        2d5       36%         4
 Metabolic Englaciation   Hex/Ice        10%        N/A       45%         5
 Silence                  Hex/Air        10%        N/A       45%         5
 Yara's Violent Unravell  Hex/Alch       10%        3d6       45%         5
 Call Canine Familiar     Summ           5%         N/A       50%         3
 Frozen Ramparts          Ice            10%        1d2       50%         3
 Fugue of the Fallen      Necr           5%         N/A       50%         3
 Hailstorm                Conj/Ice       5%         3d5       50%         3
 Mephitic Cloud           Conj/Alch/Air  5%         N/A       50%         3
 Ozocubu's Armour         Ice            5%         N/A       50%         3
 Stone Arrow              Conj/Erth      10%        3d7       50%         3
 Summon Ice Beast         Ice/Summ       5%         N/A       50%         3
 Vampiric Draining        Necr           5%         2d6       50%         3
 Enfeeble                 Hex            18%        N/A       82%         7
 Ignite Poison            Fire/Alch      6%         N/A       83%         4
 Summon Blazeheart Golem  Fire/Summ      6%         N/A       83%         4
 Animate Armour           Summ/Erth      10%        N/A       88%         4
 Animate Dead             Necr           5%         N/A       88%         4
 Dispel Undead            Necr           5%         3d7       88%         4
 Fulminant Prism          Conj/Alch      2%         3d5       88%         4
 Leda's Liquefaction      Alch/Erth      2%         N/A       88%         4
 Martyr's Knell           Necr/Summ      5%         N/A       88%         4
 Petrify                  Alch/Erth      5%         N/A       88%         4
 Alistair's Intoxication  Alch           3%         N/A       99%         5
 Borgnjor's Vile Clutch   Necr/Erth      2%         N/A       99%         5
 Curse of Agony           Necr           5%         N/A       99%         5
 Fireball                 Conj/Fire      3%         3d4       99%         5
 Freezing Cloud           Conj/Ice/Air   2%         6-21      99%         5
 Irradiate                Conj/Alch      2%         3d12      99%         5
 Lee's Rapid Deconstruct  Erth           2%         3d5*      99%         5
 Bombard                  Conj/Erth      2%         9d1       100%        6
 Death Channel            Necr           2%         N/A       100%        6
 Sculpt Simulacrum        Ice/Alch       2%         N/A       100%        6
 Starburst                Conj/Fire      3%         6d3       100%        6
 Summon Cactus Giant      Summ           2%         N/A       100%        6
 Haunt                    Necr/Summ      2%         N/A       100%        7
 Ozocubu's Refrigeration  Ice            2%         4d8       100%        7
 Summon Hydra             Summ           2%         N/A       100%        7
 Ignition                 Fire           4%         3d4       100%        8
 Lehudib's Crystal Spear  Conj/Erth      2%         10d2      100%        8
 Maxwell's Capacitive Co  Air            2%         ∞         100%        8
 Chain Lightning          Conj/Air       2%         3d3       100%        9
 Polar Vortex             Ice            2%         N/A       100%        9


Dungeon Overview and Level Annotations

Branches:
Dungeon (15/15)            Temple (0/1) D:6            Lair (5/5) D:8
 Shoals (4/4) Lair:3        Snake (4/4) Lair:3        Slime (5/5) Lair:5
    Orc (2/2) D:11            Elf (3/3) Orc:2        Vaults (4/5) D:14
  Crypt (0/3) Vaults:2     Depths (4/4) D:15            Zot (5/5) Depths:4

Altars:
Ashenzari
Elyvilon
Gozag
Hepliaklqana
Kikubaaqudgha
Makhleb
Okawaru
Sif Muna
Trog
Uskayaw
Yredelemnul
Zin
The Shining One

Shops:
D:12 *   Orc:1 =   Orc:2 =*?*   Elf:1 (   Shoals:3 *   Snake:2 *===   Snake:3 !
Snake:4 *   Vaults:2 *   Vaults:3 [   Depths:1 *   Depths:2 *!   Depths:3 ==:
Depths:4 *(*

Portals:
Hell: Depths:1 Depths:2 Depths:3 Depths:4
Abyss: Depths:3
Pandemonium: Depths:2
Ziggurat: Depths:1

Annotations:
D:4 1 runed translucent door, monsoonserge's ghost, amateur GnRe
D:5 3 runed translucent doors, zenocrate's ghost, weakling VSDe
D:9 1 runed translucent door, Sobieck's ghost, journeyman TrMo
Lair:2 1 runed translucent door, AutarchDCSS's ghost, journeyman GrEE
Lair:5 Rupert
Shoals:1 Roxanne
Shoals:2 2 runed translucent doors, Jafont's ghost, journeyman HOFE
Shoals:3 3 runed translucent doors, exclusion: obsidian statue, ezpacito's ghost, adept DsBe
Snake:4 Vashnia
Elf:2 3 runed translucent doors
Vaults:4 1 runed translucent door, SpeedRobin's ghost, adept DDFi
Depths:4 2 transporters, Josephina
Zot:2 Tiamat


Innate Abilities, Weirdness & Mutations

Your life essence is reduced to manifest your ancestor. (-10% HP)
You regain HP and MP as you explore.
You are partially covered in large bone plates. (SH +4)


Message History

Unknown command.
Fire: a) +9 triple crossbow (flame)
Press: ? - help, Shift-Dir - straight line, f/p - ice devil
Aim: an ice devil (lightly wounded, ally target, 81% to hit)
You shoot a bolt. Publia avoids your attack.
The bolt hits the ice devil.
The bolt burns the ice devil.
The ice devil is lightly wounded.
Unknown command.
Fire: a) +9 triple crossbow (flame)
Press: ? - help, Shift-Dir - straight line, f/p - ice devil
Aim: an ice devil (lightly wounded, ally target, 81% to hit)
You shoot a bolt. Publia avoids your attack.
The bolt hits the ice devil!!
The bolt burns the ice devil!
You kill the ice devil!
There is an escape hatch in the ceiling here.
A mysterious force pulls you upwards. The hatch slams shut behind you.
Level annotation: 1 runed translucent door, monsoonserge's ghost, amateur GnRe You swap places.
There is a stone staircase leading up here.
You fly upwards.
There is a stone staircase leading down here.
You shoot a bolt. Publia avoids your attack.
The bolt barely misses the jackal.
Publia blocks the jackal's attack.
Publia barely misses the jackal.
Publia blocks the jackal's attack.
You shoot a bolt. Publia avoids your attack.
The bolt barely misses the jackal.
Publia closely misses the jackal.
Publia blocks the jackal's attack.
You shoot a bolt. Publia avoids your attack.
The bolt hits the jackal!!
The bolt burns the jackal.
You kill the jackal!
No target in view!
No target in view!
There is a stone staircase leading up here.
You fly upwards.
There is a stone staircase leading down here.
You swap places.
There is a stone staircase leading up here.
You fly upwards.
There is a stone staircase leading down here.
There is a staircase leading out of the dungeon here.
You have escaped!

#####...# ##...#.# #.....###
##..#.#
#############.############.#.#
#...........(.....^........#.#
#.#####.#####.#####.#####.....
#..###...###...###...###......
#...#.....#.....#(....#.......
#....#####...R...#####........
#.....###....@....###......#.#
##.....#...........#(.........
##.....#####.#####...........
##.....###...###.....#..#..#
##.....#.....#.....#.......
##.....#####.....##>..###.
##.....###.....###.#...#(
##.....#.....#...>#.#.#.
##.........##.######.#.


You could see the friendly Publia the knight (reflecting).

Vanquished Creatures
  the Royal Jelly (Slime:5)
  2 dread liches
  5 orbs of fire (Zot:5)
  Mara (Shoals:3)
  A Killer Klown (Zot:3)
  A curse toe (Zot:5)
  8 golden dragons
  the Enchantress (Depths:1)
  A bone dragon (Abyss:4)
  An electric golem (Zot:5)
  2 Tzitzimimeh
  A hellephant (Abyss:4)
  A walking crystal tome (Depths:4)
  10 tentacled monstrosities
  15 Orb Guardians
  2 walking divine tomes (Depths:4)
  8 acid blobs (Slime:5)
  3 deep elf blademasters
  A deep elf master archer (Elf:3)
  5 quicksilver dragons
  4 sphinxes
  A tentacled starspawn (Abyss:4)
  A kraken (Shoals:4)
  5 death cobs
  3 tengu reavers
  Aizul (Snake:2)
  Donald (Vaults:3)
  7 storm dragons
  Ilsuiw (Shoals:3)
  3 nagarajas
  7 shadow dragons
  6 fire giants
  3 protean progenitors
  5 frost giants
  6 azure jellies
  3 draconian knights
  6 draconian shifters
  6 draconian monks
  8 rockslimes
  2 deep elf sorcerers (Elf:3)
  8 vault wardens
  3 iron dragons
  4 deep elf elementalists (Elf:3)
  3 spriggan defenders (Depths:2)
  2 ghost moths
  A cacodemon (D:8)
  6 ironbound thunderhulks
  3 draconian stormcallers
  7 quicksilver oozes
  8 stone giants
  3 orc warlords
  13 very ugly things
  A draconian annihilator (Zot:3)
  8 ironbound preservers
  8 deep elf demonologists
  A vampire knight (Depths:4)
  5 deep elf death magi (Elf:3)
  2 formless jellyfish
  5 deep elf annihilators
  9 green draconians
  4 dire elephants (Vaults:3)
  3 yellow draconians
  2 purple draconians
  Azrael (Snake:1)
  6 red draconians
  5 white draconians
  6 black draconians
  4 spark wasps (Depths:1)
  Snorg (Lair:4)
  A minotaur (Shoals:4)
  A green death (Abyss:3)
  8 ettins
  A fire dragon (Depths:4)
  2 merfolk javelineers
  6 yaktaur captains
  4 deep elf high priests (Elf:3)
  3 merfolk impalers
  A jiangshi (Depths:4)
  8 salamander tyrants
  Fannar (D:10)
  An entropy weaver (Vaults:4)
  4 ice dragons
  8 great orbs of eyes
  5 hydras
  9 vault guards
  4 ironbound frosthearts
  2 spriggan air magi
  11 anacondas
  A merfolk aquamancer (Shoals:3)
  5 two-headed ogres
  4 boulder beetles
  An alligator snapping turtle (Shoals:4)
  2 death knights
  2 merfolk avatars
  12 centaur warriors
  3 alligators (Zot:1)
  9 naga warriors
  3 death yaks
  7 satyrs
  3 tengu warriors
  5 deep troll shamans
  3 spriggan berserkers
  13 dancing weapons
  2 vampire magi
  7 deep troll earth magi
  A thrashing horror (Abyss:4)
  4 shock serpents
  7 naga sharpshooters
  18 hell knights
  A wretched star (Abyss:4)
  2 sun demons
  Sonja (D:13)
  5 deep elf knights (Elf:1)
  4 iron trolls
  3 skysharks
  4 skeletal warriors
  3 salamander mystics (Snake:4)
  5 glowing orange brains
  6 sea snakes
  44 deep trolls
  11 mana vipers
  A shadow demon (D:10)
  4 arcanists
  A swamp dragon (Lair:5)
  7 naga ritualists
  12 ironbound convokers
  13 orc knights
  3 large abominations
  6 lindwurms
  9 deep elf archers
  3 necromancers
  23 harpies
  18 deep elf zephyrmancers
  2 orc sorcerers (Orc:2)
  A shining eye (Slime:5)
  5 fauns
  16 deep elf pyromancers
  A manticore (shapeshifter) (Depths:2)
  12 salamanders
  11 manticores
  An iron dragon skeleton (Depths:1)
  12 moths of wrath
  30 ugly things
  5 cyclopes
  4 kobold blastminers (Orc:2)
  10 elephants
  3 meliai (D:13)
  9 merfolk sirens
  56 slime creatures
  16 guardian serpents
  7 naga magi
  7 vault sentinels
  A smoke demon (Abyss:4)
  31 black mambas
  5 water nymphs
  7 cane toads
  A torpor snail (Lair:1)
  A gargoyle (D:12)
  A cane toad (shapeshifter) (Elf:2)
  8 rime drakes
  7 komodo dragons
  An unseen horror (D:11)
  2 kobold demonologists (D:11)
  An ice devil (D:5)
  A tormentor (Zot:2)
  2 ancient zymes (Abyss:4)
  16 yaktaurs
  13 merfolk
  3 tengu conjurers
  4 trolls
  3 wind drakes
  Prince Ribbit (D:6)
  A tyrant leech (Zot:3)
  4 polar bears
  3 raiju (Abyss:4)
  23 blink frogs
  A glass eye (Depths:2)
  2 hornets
  7 snapping turtles
  4 dream sheep (Shoals:3)
  2 ettin skeletons (Depths:1)
  A jumping spider (shapeshifter) (D:15)
  4 wraiths
  A jumping spider (Vaults:4)
  2 air elementals
  3 ynoxinuls
  2 shadows (D:11)
  14 water elementals
  2 wyverns
  5 fire elementals
  A warg (Orc:1)
  26 yaks
  12 humans
  2 vampire mosquitoes (D:11)
  A redback (Vaults:4)
  3 steam dragons
  4 basilisks
  4 golden eyes (Slime:4)
  2 spriggan simulacra
  A chaos spawn (Abyss:3)
  35 nagas
  5 acid dragons
  4 hell hounds (Snake:1)
  A glowing shapeshifter skeleton (Depths:1)
  8 water moccasins
  26 orc warriors
  2 sky beasts (D:8)
  6 boggarts
  A swamp drake (Lair:5)
  2 laughing skulls
  4 wolves
  18 centaurs
  6 ogres
  A phantom (D:7)
  11 bullfrogs
  3 small abominations
  A scorpion (D:4)
  2 earth elementals
  A wight (D:7)
  20 killer bees
  12 electric eels
  2 howler monkeys (D:10)
  A jelly (D:6)
  6 hounds
  8 orc priests
  8 starcursed masses (Abyss:4)
  3 iguanas
  A sleepcap (D:5)
  Jessica (D:2)
  12 orc wizards
  Robin (D:2)
  8 adders
  4 gnolls
  2 shadow imps (D:6)
  A white imp (D:5)
  4 ufetubi
  5 ribbon worms
  5 dart slugs
  76 orcs
  8 ball pythons
  4 bats
  9 endoplasms
  A giant cockroach (D:1)
  15 goblins
  8 hobgoblins
  3 jackals
  13 kobolds
  2 quokkas
  A frilled lizard (D:2)
  9 rats
  An aspiring flesh (Zot:3)
  A starspawn tentacle (Abyss:3)
  2 tentacles (Shoals:4)
1510 creatures vanquished.

Vanquished Creatures (collateral kills)
  A Killer Klown (Zot:5)
  A caustic shrike (Depths:1)
  A golden dragon (Zot:2)
  Jory (Depths:3)
  A hellephant (Vaults:4)
  The ghost of Qebbeiho the Metamorph, an adept OpSh of Wu Jian (Elf:1)
  3 tentacled monstrosities
  9 Orb Guardians
  2 liches (Depths:1)
  4 acid blobs (Slime:5)
  2 death cobs
  2 sphinxes
  An ancient champion (Depths:4)
  4 tengu reavers
  A rockslime (Slime:5)
  2 draconian shifters
  A storm dragon (Zot:3)
  A fire giant (Depths:2)
  A nagaraja (Snake:4)
  A draconian knight (Depths:4)
  A frost giant (Depths:1)
  3 vault wardens
  6 ironbound preservers
  A quicksilver ooze (Slime:5)
  A draconian annihilator (Zot:4)
  3 stone giants
  4 very ugly things
  2 vampire knights
  3 deep elf demonologists (Elf:3)
  2 spriggan defenders
  A deep elf annihilator (Elf:3)
  2 deep elf death magi (Elf:3)
  A yellow draconian (Zot:2)
  A minotaur (Shoals:4)
  A spark wasp (Depths:4)
  A purple draconian (Zot:4)
  A white draconian (Zot:4)
  A jiangshi (Depths:4)
  A merfolk impaler (Shoals:4)
  2 deep elf high priests
  2 ettins
  2 vault guards (Depths:4)
  2 ice dragons
  A spriggan air mage (Depths:4)
  Harold (D:10)
  A great orb of eyes (Vaults:1)
  A yaktaur captain (Depths:3)
  2 rakshasas
  2 hydras
  A spriggan skeleton (Abyss:4)
  3 salamander tyrants
  6 ironbound frosthearts
  A catoblepas (Lair:3)
  5 anacondas
  A boulder beetle (D:11)
  An alligator snapping turtle (Shoals:3)
  2 merfolk aquamancers
  A dancing weapon (Elf:1)
  A satyr (Shoals:4)
  A centaur warrior (Orc:2)
  A death yak (Lair:3)
  2 naga sharpshooters (Snake:1)
  4 naga warriors
  5 hell knights
  An occultist (D:15)
  An orc high priest (Orc:2)
  Urug (D:14)
  A sun demon (Zot:5)
  A shock serpent (Snake:1)
  A deep elf knight (Elf:1)
  2 skysharks
  An iron troll (Depths:1)
  A skeletal warrior (Depths:4)
  4 sea snakes
  22 deep trolls
  A naga ritualist (Snake:1)
  7 mana vipers
  5 orc knights
  A lindwurm (Vaults:1)
  6 deep elf pyromancers
  3 ironbound convokers
  2 deep elf archers (Depths:3)
  A lindwurm (shapeshifter) (Depths:4)
  6 harpies
  5 ugly things
  3 deep elf zephyrmancers
  2 orc sorcerers (Orc:2)
  7 salamanders
  A shining eye (Slime:1)
  3 fauns
  4 manticores
  4 moths of wrath
  A cyclops (D:12)
  3 elephants
  A naga mage (Snake:2)
  2 vault sentinels (Vaults:1)
  A kobold blastminer (Orc:2)
  2 guardian serpents
  3 water nymphs
  12 black mambas
  2 unseen horrors
  A gargoyle (D:14)
  3 rime drakes
  3 yaktaurs
  2 komodo dragons
  A queen bee (D:13)
  2 trolls
  6 merfolk
  10 blink frogs
  A raiju (Abyss:4)
  A snapping turtle (Shoals:1)
  A glass eye (Slime:5)
  12 slime creatures
  A shadow (D:9)
  A jumping spider (Vaults:4)
  2 spriggans (Depths:2)
  2 basilisks
  4 humans
  5 water elementals
  4 yaks
  3 wyverns
  5 nagas
  7 water moccasins
  A black bear (Lair:4)
  13 orc warriors
  A sky beast (D:7)
  A laughing skull (D:13)
  An ogre (Orc:1)
  3 boggarts (Vaults:1)
  6 centaurs
  A phantom (D:6)
  A gnoll sergeant (D:7)
  3 bullfrogs (Lair:1)
  11 killer bees
  2 orc priests (D:10)
  A sleepcap (D:7)
  4 orc wizards
  An iguana (Lair:5)
  A gnoll (D:8)
  20 orcs
  A kobold (D:11)
400 creatures vanquished.

Vanquished Creatures (others)
  Margery (Vaults:4)
  A deep elf master archer (Elf:3)
  A caustic shrike simulacrum (Depths:4)
  A dancing weapon (Elf:1)
  A mana viper (Snake:4)
  A deep elf pyromancer (Elf:1)
  3 yaktaurs
  A boggart (Vaults:1)
  51 knights
  10 ancestors
  A lurking horror (Abyss:3)
  A starspawn tentacle (Abyss:3)
  6 tentacles (Shoals:4)
79 creatures vanquished.

Grand Total: 1989 creatures vanquished

Notes
Turn   | Place    | Note
-------+----------+-------------------------------------------
     0 | D:1      | Strat the Human Hexslinger began the quest for the Orb.
     0 | D:1      | Reached XP level 1. HP: 15/15 MP: 2/2
    61 | D:1      | Reached XP level 2. HP: 21/21 MP: 3/3
   144 | D:1      | Reached skill level 3 in Ranged Weapons
   392 | D:1      | Reached XP level 3. HP: 16/26 MP: 4/4
   436 | D:1      | Learned a level 2 spell: Jinxbite
   904 | D:2      | Noticed Robin
   907 | D:2      | Noticed Jessica
  1285 | D:2      | Reached XP level 4. HP: 29/32 MP: 5/5
  1667 | D:2      | Killed Jessica
  1668 | D:2      | Reached skill level 4 in Ranged Weapons
  2393 | D:2      | Killed Robin
  2394 | D:2      | Reached XP level 5. HP: 37/37 MP: 3/6
  2636 | D:3      | Reached skill level 5 in Ranged Weapons
  2748 | D:3      | Reached XP level 6. HP: 43/43 MP: 4/7
  3060 | D:3      | Found a hide-covered altar of Uskayaw.
  3170 | D:3      | Found a glowing golden altar of the Shining One.
  3173 | D:3      | Found a bloodstained altar of Trog.
  3434 | D:4      | Found a hazy altar of Hepliaklqana.
  3628 | D:4      | Found an iron altar of Okawaru.
  3633 | D:4      | Learned a level 3 spell: Inner Flame
  3764 | D:4      | Found a runed translucent door.
  3765 | D:4      | Noticed monsoonserge's ghost (amateur GnRe)
  4159 | D:4      | Reached skill level 6 in Ranged Weapons
  4159 | D:4      | Reached XP level 7. HP: 48/48 MP: 6/9
  4513 | D:5      | Entered Level 5 of the Dungeon
  4587 | D:5      | Reached skill level 5 in Hexes
  4910 | D:5      | Found a runed translucent gate.
  4910 | D:5      | Found a runed translucent gate.
  4910 | D:5      | Found a runed translucent gate.
  5243 | D:5      | Noticed zenocrate's ghost (weakling VSDe)
  5725 | D:5      | Reached skill level 7 in Ranged Weapons
  5725 | D:5      | Reached XP level 8. HP: 54/54 MP: 10/12
  5788 | D:5      | Found a white marble altar of Elyvilon.
  5999 | D:4      | Became a worshipper of Hepliaklqana the Forgotten
  6500 | D:6      | Found a staircase to the Ecumenical Temple.
  6802 | D:6      | Reached * piety under Hepliaklqana
  6912 | D:6      | Noticed Prince Ribbit
  6939 | D:6      | Killed Prince Ribbit
  6940 | D:6      | Reached skill level 8 in Ranged Weapons
  7362 | D:7      | Reached skill level 9 in Ranged Weapons
  7453 | D:7      | Reached XP level 9. HP: 49/53 MP: 13/15
  7522 | D:7      | Found the +5 robe of Night {Dark Will+ SInv}
  7966 | D:7      | You fall into a shaft and drop 3 floors!
  7966 | D:10     | Entered Level 10 of the Dungeon
  8306 | D:7      | Found a burning altar of Makhleb.
  8596 | D:7      | Reached skill level 10 in Ranged Weapons
  9324 | D:8      | Noticed a two-headed ogre
  9367 | D:8      | Noticed a troll
  9564 | D:8      | Reached skill level 11 in Ranged Weapons
  9564 | D:8      | Reached XP level 10. HP: 63/63 MP: 16/16
 10207 | D:8      | Killed a two-headed ogre
 10208 | D:8      | Reached skill level 5 in Dodging
 10436 | D:8      | Reached skill level 5 in Fighting
 10447 | D:8      | Found a staircase to the Lair.
 10566 | D:8      | Reached ** piety under Hepliaklqana
 10567 | D:8      | Remembered your ancestor Publia as a knight
 10627 | D:8      | Reached skill level 12 in Ranged Weapons
 11286 | D:9      | Found a runed translucent door.
 11286 | D:9      | Noticed Sobieck's ghost (journeyman TrMo)
 11302 | D:9      | Noticed a two-headed ogre
 11432 | D:9      | Reached XP level 11. HP: 72/72 MP: 17/17
 11590 | D:9      | Killed a two-headed ogre
 11777 | D:10     | Noticed Harold
 11788 | D:10     | Killed Harold
 11789 | D:10     | Reached skill level 13 in Ranged Weapons
 11859 | D:10     | Noticed Fannar
 11869 | D:10     | Killed Fannar
 12076 | D:10     | Identified the +0 robe of Divine Intervention {rF+ Int-2
                  | Slay+2}
 12406 | D:11     | Learned a level 4 spell: Cause Fear
 12492 | D:11     | Identified the +5 leather armour of Tartarus {+Blink rN++
                  | Int+4}
 12735 | D:11     | Noticed a two-headed ogre
 12740 | D:11     | Killed a two-headed ogre
 12765 | D:11     | Found a staircase to the Orcish Mines.
 12844 | D:11     | Reached *** piety under Hepliaklqana
 13288 | D:11     | Reached skill level 1 in Evocations
 13548 | D:11     | Noticed a boulder beetle
 13563 | D:11     | Killed a boulder beetle
 13564 | D:11     | Reached skill level 14 in Ranged Weapons
 13636 | D:11     | Reached XP level 12. HP: 81/81 MP: 18/18
 14614 | D:12     | Found Kiackuck's General Store.
 15045 | D:12     | Identified the +11 halberd of Profit {flame, rElec rF+
                  | Will- Dex+2}
 15894 | Orc:1    | Entered Level 1 of the Orcish Mines
 16007 | Orc:2    | Entered Level 2 of the Orcish Mines
 16007 | Orc:2    | Found a staircase to the Elven Halls.
 16336 | Orc:2    | Noticed a centaur warrior
 16936 | D:12     | Found a shimmering blue altar of Sif Muna.
 17135 | D:13     | Noticed Sonja
 17401 | D:13     | Learned a level 4 spell: Dimensional Bullseye
 17404 | D:13     | Learned a level 2 spell: Blink
 17510 | D:14     | Noticed Urug
 17510 | D:14     | Noticed a centaur warrior
 17510 | D:14     | Noticed a two-headed ogre
 17510 | D:14     | Found a gate to the Vaults.
 17527 | D:13     | Noticed a death knight
 18075 | Lair:1   | Entered Level 1 of the Lair of Beasts
 18153 | Lair:1   | Reached skill level 1 in Translocations
 18228 | Lair:1   | Reached skill level 15 in Ranged Weapons
 18791 | Lair:1   | Reached XP level 13. HP: 88/88 MP: 16/19
 19616 | Lair:2   | Reached skill level 16 in Ranged Weapons
 19856 | Lair:2   | Identified the +1 leather armour of the Twelve Stars
                  | {Dex+2}
 19874 | Lair:2   | Reached **** piety under Hepliaklqana
 19944 | Lair:2   | Found a runed translucent door.
 19947 | Lair:2   | Identified the +6 spear "Zupseivvu" {heavy, Will- Int+4}
 19947 | Lair:2   | Noticed AutarchDCSS's ghost (journeyman GrEE)
 20208 | Lair:2   | You fall into a shaft and drop 1 floor!
 20277 | Lair:3   | Reached skill level 5 in Translocations
 20314 | Lair:3   | Reached skill level 1 in Invocations
 20398 | Lair:3   | Found a staircase to the Shoals.
 21643 | Lair:3   | Found a staircase to the Snake Pit.
 22379 | Lair:4   | Reached XP level 14. HP: 97/97 MP: 13/20
 22382 | Lair:4   | Reached skill level 5 in Invocations
 22447 | Lair:4   | Reached ***** piety under Hepliaklqana
 22683 | Lair:3   | Reached skill level 10 in Dodging
 22883 | Lair:4   | Noticed Snorg
 23200 | Lair:4   | Reached skill level 10 in Fighting
 23200 | Lair:4   | Reached skill level 1 in Armour
 23259 | Lair:4   | Killed Snorg
 23700 | Lair:5   | Entered Level 5 of the Lair of Beasts
 23702 | Lair:5   | Found an ancient bone altar of Kikubaaqudgha.
 23705 | Lair:5   | Identified a scroll of acquirement
 23705 | Lair:5   | Acquired 842 gold pieces
 23715 | Lair:5   | Found a staircase to the Slime Pits.
 23818 | Lair:5   | Noticed Rupert
 26706 | Orc:1    | Found Cynlu's Jewellery Emporium.
 27065 | Orc:2    | Reached skill level 5 in Spellcasting
 27635 | Orc:2    | Reached skill level 5 in Armour
 27711 | Orc:2    | Reached XP level 15. HP: 103/103 MP: 17/23
 28241 | Orc:2    | Noticed an orc warlord
 28281 | Orc:2    | Killed an orc warlord
 28668 | Orc:2    | Found Yraih's Assorted Antiques.
 28668 | Orc:2    | Found Getroet's Magic Scroll Emporium.
 28670 | Orc:2    | Found Hyoboo's Assorted Antiques.
 28672 | Orc:2    | Found Coedwaemen's Jewellery Shop.
 28677 | Orc:2    | Bought a scroll of enchant weapon for 97 gold pieces
 28677 | Orc:2    | Bought a scroll of enchant weapon for 97 gold pieces
 28677 | Orc:2    | Bought 2 scrolls of enchant armour for 195 gold pieces
 28677 | Orc:2    | Bought a scroll of brand weapon for 123 gold pieces
 28677 | Orc:2    | Bought a scroll of revelation for 97 gold pieces
 28677 | Orc:2    | Bought a scroll of revelation for 97 gold pieces
 28679 | Orc:2    | Bought a scroll of enchant armour for 187 gold pieces
 28684 | Orc:2    | Bought a ring of poison resistance for 260 gold pieces
 30352 | D:13     | Killed Sonja
 30389 | D:13     | Identified the +0 plate armour of the Disturbing Xalams
                  | {^Drain rN+ Will+++ Regen+}
 31065 | D:14     | Reached skill level 17 in Ranged Weapons
 31199 | D:14     | Killed Urug
 31813 | D:15     | Entered Level 15 of the Dungeon
 32131 | D:15     | Reached skill level 18 in Ranged Weapons
 32147 | D:15     | Found an ancient bone altar of Kikubaaqudgha.
 32212 | D:15     | Found a basalt altar of Yredelemnul.
 32449 | D:15     | Reached ****** piety under Hepliaklqana
 32780 | D:15     | Reached XP level 16. HP: 84/112 MP: 25/25
 33089 | D:15     | Found a staircase to the Depths.
 33353 | Snake:1  | Entered Level 1 of the Snake Pit
 33584 | Snake:1  | Noticed Azrael
 33733 | Snake:1  | Killed Azrael
 34261 | Snake:1  | Reached skill level 10 in Hexes
 34953 | Snake:2  | Noticed a nagaraja
 34973 | Snake:2  | Killed a nagaraja
 35513 | Snake:2  | Identified the serpent talisman of the Game Afoot {rF-
                  | Will+++ Str-5 Dex+5}
 35513 | Snake:2  | Noticed Aizul
 35537 | Snake:2  | Killed Aizul
 35712 | Snake:2  | Found Fiepro's Jewellery Shoppe.
 35716 | Snake:2  | Found Teffaw's Jewellery Emporium.
 35717 | Snake:2  | Found Ceonon's Jewellery Shoppe.
 35724 | Snake:2  | Bought the ring "Ireakk" {+Blink rPois EV+5 Dex+2} for 700
                  | gold pieces
 35919 | Snake:2  | Found Etris's Neck Hole.
 35983 | Snake:2  | Reached skill level 10 in Invocations
 36617 | Snake:3  | Reached XP level 17. HP: 125/125 MP: 20/26
 37223 | Snake:3  | Identified the +4 sling of Nopo {flame, rElec MP+9}
 37277 | Snake:3  | Found Boun's Distillery.
 37283 | Snake:3  | Bought a potion of haste for 170 gold pieces
 37283 | Snake:3  | Bought a potion of resistance for 170 gold pieces
 37283 | Snake:3  | Bought a potion of resistance for 170 gold pieces
 37744 | Snake:4  | Entered Level 4 of the Snake Pit
 38989 | Snake:4  | Found Alys's Gadget Gallery.
 39113 | Snake:4  | Reached skill level 10 in Armour
 40151 | Snake:4  | Reached skill level 19 in Ranged Weapons
 40209 | Snake:4  | Got a serpentine rune of Zot
 40254 | Snake:4  | Noticed Vashnia
 40528 | Snake:2  | Reached XP level 18. HP: 132/132 MP: 28/28
 40825 | Shoals:1 | Entered Level 1 of the Shoals
 40877 | Shoals:1 | Learned a level 3 spell: Tukima's Dance
 40909 | Shoals:1 | Noticed Roxanne
 41766 | Shoals:2 | Reached skill level 20 in Ranged Weapons
 42035 | Shoals:2 | Found a large runed translucent door.
 42036 | Shoals:2 | Found a large runed translucent door.
 42037 | Shoals:2 | Noticed Jafont's ghost (journeyman HOFE)
 42047 | Shoals:2 | Acquired 657 gold pieces
 42203 | Shoals:3 | Noticed Ilsuiw
 42331 | Shoals:3 | Noticed Mara
 42375 | Shoals:3 | Killed Mara
 42500 | Shoals:3 | Reached skill level 15 in Fighting
 42545 | Shoals:3 | Killed Ilsuiw
 43029 | Shoals:3 | Found a runed translucent gate.
 43058 | Shoals:3 | Found a runed translucent gate.
 43058 | Shoals:3 | Found a runed translucent gate.
 43059 | Shoals:3 | Found an opulent altar of Gozag.
 43229 | Shoals:3 | Found Beyggo's Assorted Antiques.
 43229 | Shoals:3 | Noticed ezpacito's ghost (adept DsBe)
 43247 | Shoals:4 | Entered Level 4 of the Shoals
 44000 | Shoals:4 | Reached XP level 19. HP: 135/139 MP: 30/30
 44196 | Shoals:4 | Reached skill level 21 in Ranged Weapons
 44206 | Shoals:4 | Got the Tractate on the Chilled Tektite
 44407 | Shoals:4 | Got a barnacled rune of Zot
 44408 | Shoals:4 | Identified the +3 plate armour "Hero's Friend" {Will+
                  | Regen+ SInv}
 44645 | Vaults:1 | Entered Level 1 of the Vaults
 45233 | Vaults:1 | Identified the +9 shortbow of Fragile Peace {heavy, Will+}
 46707 | Vaults:2 | Reached skill level 22 in Ranged Weapons
 46919 | Vaults:2 | Found a staircase to the Crypt.
 46946 | Vaults:2 | You fall into a shaft and drop 2 floors!
 46946 | Vaults:4 | Noticed a hellephant
 47032 | Vaults:4 | Noticed Margery
 47036 | Vaults:4 | Reached XP level 20. HP: 149/149 MP: 22/31
 47144 | Vaults:4 | Killed a hellephant
 47147 | Vaults:4 | Killed Margery
 47272 | Vaults:4 | Found a flickering gateway to a bazaar.
 47281 | Bazaar   | Entered a bazaar
 47281 | Bazaar   | Found Jiamasa's Jewellery Shoppe.
 47297 | Bazaar   | Found Yxtisch's Armour Shoppe.
 47309 | Bazaar   | Found Etyatair's Antique Armour Shoppe.
 47343 | Bazaar   | Bought a +4 ring of slaying for 702 gold pieces
 47367 | Bazaar   | Bought shiny acid dragon scales for 688 gold pieces
 47859 | Vaults:4 | Found a runed translucent door.
 47865 | Vaults:4 | Noticed SpeedRobin's ghost (adept DDFi)
 48227 | Vaults:3 | Reached skill level 23 in Ranged Weapons
 48578 | Vaults:3 | Noticed Donald
 48597 | Vaults:3 | Killed Donald
 48851 | Vaults:3 | Identified the +3 pair of boots "Gonn" {-Tele Will+ Str+2
                  | Int+5}
 49171 | Vaults:3 | Found Tigel's Antique Armour Shoppe.
 49178 | Vaults:3 | Bought a runed cloak for 225 gold pieces
 49677 | Vaults:3 | Reached skill level 24 in Ranged Weapons
 50226 | Vaults:2 | Reached XP level 21. HP: 154/154 MP: 32/32
 50313 | Vaults:2 | Found Jiwekhlapt's Assorted Antiques.
 51268 | Depths:1 | Entered Level 1 of the Depths
 51381 | Depths:1 | Learned a level 3 spell: Sigil of Binding
 51382 | Depths:1 | Found Fagrobudgh's Assorted Antiques.
 51394 | Depths:1 | Found a one-way gateway to a ziggurat.
 51421 | Depths:1 | Found a gateway to Hell.
 51713 | Depths:1 | Reached skill level 25 in Ranged Weapons
 52201 | Depths:1 | Identified the +8 ice dragon scales of the Shining One's
                  | Hope {rPois rF- rC++ rN+ Int+7 Dex-4}
 52211 | Depths:1 | Noticed a caustic shrike
 52226 | Depths:1 | Killed a caustic shrike
 52530 | Depths:1 | Found Zin's Purification Station.
 52549 | Depths:1 | Found a glowing silver altar of Zin.
 52555 | Depths:1 | Bought a potion of curing for 90 gold pieces
 53112 | Depths:2 | Reached skill level 26 in Ranged Weapons
 53276 | Depths:2 | Acquired the +2 cloak of the Maze {Fly rC+}
 53714 | Depths:2 | Found Lirhunolukk's Distillery.
 53722 | Depths:2 | Bought a potion of haste for 170 gold pieces
 53722 | Depths:2 | Bought a potion of haste for 170 gold pieces
 53722 | Depths:2 | Bought a potion of curing for 51 gold pieces
 53722 | Depths:2 | Bought a potion of resistance for 170 gold pieces
 53722 | Depths:2 | Bought 2 potions of resistance for 340 gold pieces
 53760 | Depths:2 | Noticed the Enchantress
 53765 | Abyss:3  | Cast into level 3 of the Abyss (spriggan defender)
 53985 | Abyss:4  | Reached skill level 5 in Evocations
 54161 | Abyss:4  | Reached XP level 22. HP: 162/162 MP: 33/33
 54225 | Abyss:4  | Noticed a dread lich
 54243 | Abyss:4  | Killed a dread lich
 54246 | Depths:2 | Escaped the Abyss
 54276 | Depths:1 | Killed the Enchantress
 54796 | Depths:2 | Found a one-way gate leading to the halls of Pandemonium.
 54864 | Depths:2 | Found a broken altar of Ashenzari.
 54903 | Depths:2 | Found Sopom's Assorted Antiques.
 55985 | Depths:3 | Found Yvoix's Book Emporium.
 55985 | Depths:3 | Found Egeicrym's Jewellery Shop.
 55986 | Depths:3 | Found Acuemewkyi's Jewellery Shop.
 56057 | Depths:3 | Found a one-way gate to the infinite horrors of the Abyss.
 56331 | Depths:3 | Identified the +0 robe of Dishonesty {rC+}
 56336 | Depths:3 | Noticed Jory
 56351 | Depths:3 | Killed Jory
 56603 | Depths:3 | Found an iron altar of Okawaru.
 56766 | Depths:4 | Entered Level 4 of the Depths
 56932 | Depths:4 | Found a transporter.
 56970 | Depths:4 | Noticed a golden dragon
 56990 | Depths:4 | Killed a golden dragon
 57064 | Depths:4 | Found Ohall's Antique Weapon Shop.
 57064 | Depths:4 | Noticed a dread lich
 57070 | Depths:4 | Killed a dread lich
 57174 | Depths:4 | Reached skill level 15 in Dodging
 57372 | Depths:4 | Found Iveclisch's General Store.
 57428 | Depths:4 | Bought a scroll of enchant armour for 82 gold pieces
 57543 | Depths:4 | Found a transporter.
 57560 | Depths:4 | Reached XP level 23. HP: 172/172 MP: 34/34
 57573 | Depths:4 | Found Qodoejie's Assorted Antiques.
 57579 | Depths:4 | Bought a potion of curing for 132 gold pieces
 57749 | Depths:4 | Noticed a golden dragon
 57756 | Depths:4 | Killed a golden dragon
 57760 | Depths:4 | Identified the ring "Teucegek" {rPois rF+++ Int+6 Dex-2}
 57765 | Depths:4 | Noticed a golden dragon
 57771 | Depths:4 | Noticed a golden dragon
 57773 | Depths:4 | Killed a golden dragon
 57775 | Depths:4 | Killed a golden dragon
 57947 | Depths:4 | Acquired 931 gold pieces
 57992 | Depths:4 | Identified the ring "Hiaso" {AC+4 Stlth+}
 58013 | Depths:4 | Noticed a golden dragon
 58019 | Depths:4 | Killed a golden dragon
 58258 | Depths:4 | Identified the ring of Xuivur {Ice Dex+2}
 58258 | Depths:4 | Noticed Josephina
 58550 | Depths:4 | Found a gate to the Realm of Zot.
 58809 | Depths:4 | Identified the ring of Xisadio Gyel {+Blink rN+}
 59538 | Elf:1    | Entered Level 1 of the Elven Halls
 59662 | Elf:1    | Got Vehumet's Annotations on Forces
 59740 | Elf:1    | Found a large runed translucent door.
 59741 | Elf:1    | Found a large runed translucent door.
 59743 | Elf:1    | Found Qoameuni's Weapon Emporium.
 59887 | Elf:1    | Noticed Qebbeiho's ghost (adept OpSh)
 59934 | Elf:1    | Reached skill level 1 in Stealth
 60311 | Elf:1    | Killed Qebbeiho's ghost
 60318 | Elf:1    | Identified the ring "Iclecaci" {Fire Dex+3}
 60877 | Elf:2    | Found a runed translucent gate.
 60877 | Elf:2    | Found a runed translucent gate.
 60877 | Elf:2    | Found a runed translucent gate.
 60926 | Elf:3    | Entered Level 3 of the Elven Halls
 60948 | Elf:3    | Found a flickering gateway to a bazaar.
 60956 | Bazaar   | Entered a bazaar
 60976 | Bazaar   | Found Tump's Jewellery Shoppe.
 60976 | Bazaar   | Found Cimanuack's Book Emporium.
 61011 | Bazaar   | Found Heh Foeliuta's Armour Emporium.
 61143 | Elf:3    | Identified the +2 double sword "Hurizen" {speed, rF+ MP+9
                  | Dex+4}
 61859 | Elf:3    | Identified the +10 hand axe "Lepleg" {freeze, rPois rCorr
                  | Int-2 Dex+3}
 61899 | Elf:3    | Identified the staff of the Ancient Mice {^Drain rElec
                  | rPois rF++ Fire Air}
 62154 | Elf:3    | Reached XP level 24. HP: 175/182 MP: 33/34
 62157 | Elf:3    | Identified the ring of Joy {rF+ rCorr AC+4}
 62163 | Elf:3    | Identified the +1 flail of Action {flame, rC+ rCorr Int+2
                  | Dex-2}
 62163 | Elf:3    | Identified the ring "Firauzub" {MP+9 Str-4 Slay+6 Stlth+}
 62334 | Elf:3    | Identified the +8 falchion "Grim Tooth" {freeze, Dex+2}
 62363 | Elf:3    | Identified the +0 plate armour of Going Fast {Dex+2}
 62643 | Elf:3    | Got Resoacepp's Almanac of Fire and the Throng
 62663 | Elf:3    | Identified the +4 orcbow of Fofruima {drain, rElec rN+
                  | Will- rCorr}
 63194 | Slime:1  | Entered Level 1 of the Pits of Slime
 63248 | Slime:5  | Entered Level 5 of the Pits of Slime
 63418 | Slime:5  | Reached skill level 5 in Stealth
 63515 | Slime:5  | Noticed the Royal Jelly
 63524 | Slime:5  | Killed the Royal Jelly
 63694 | Slime:5  | Paralysed by a formless jellyfish for 1 turns
 63812 | Slime:5  | Got Sif Muna's Folio of Impurities
 63880 | Slime:5  | Identified the ring of Tazehuo {AC+4 Int+2}
 63891 | Slime:5  | Identified the +3 plate armour of Servitude {rC+ rCorr}
 63893 | Slime:5  | Identified the +10 battleaxe of Tuopluse {heavy, rElec rF+
                  | MP+9 SInv}
 63898 | Slime:5  | Got a slimy rune of Zot
 63951 | Slime:5  | Got the Incunable of the Torch
 63964 | Slime:5  | Got the Papyrus of Changing Beckoning
 64336 | Zot:1    | Entered Level 1 of the Realm of Zot
 64472 | Zot:1    | Learned a level 4 spell: Passage of Golubria
 64942 | Zot:2    | Reached skill level 15 in Invocations
 65267 | Zot:3    | Noticed a Killer Klown
 65272 | Zot:3    | Killed a Killer Klown
 65416 | Zot:3    | Reached XP level 25. HP: 146/190 MP: 34/34
 65657 | Zot:2    | Found the +4 dragonskin cloak
 65657 | Zot:2    | Noticed Tiamat
 66233 | Zot:5    | Entered Level 5 of the Realm of Zot
 66711 | Zot:5    | Noticed an orb of fire
 66715 | Zot:5    | Noticed an orb of fire
 66717 | Zot:5    | Noticed a Killer Klown
 66719 | Zot:5    | Noticed an orb of fire
 66722 | Zot:5    | Killed an orb of fire
 66722 | Zot:5    | Noticed an orb of fire
 66723 | Zot:5    | Killed an orb of fire
 66730 | Zot:5    | Gained mutation: You are strong-willed. (Will+) [an orb of
                  | fire]
 66736 | Zot:5    | Noticed an orb of fire
 66745 | Zot:5    | Gained mutation: You are frail. (-10% HP) [an orb of fire]
 66747 | Zot:5    | Gained mutation: You occasionally lose the ability to read
                  | scrolls when taking damage. [an orb of fire]
 66761 | Zot:5    | Lost mutation: You occasionally lose the ability to read
                  | scrolls when taking damage. [potion of mutation]
 66761 | Zot:5    | Lost mutation: You are strong-willed. (Will+) [potion of
                  | mutation]
 66761 | Zot:5    | Gained mutation: You are covered in fur. (AC +1) [potion of
                  | mutation]
 66761 | Zot:5    | Gained mutation: Your spells are a little harder to cast,
                  | but a little more powerful. [potion of mutation]
 66833 | Zot:5    | Noticed an ancient lich
 66885 | Zot:5    | Gained mutation: You are clumsy. (Dex -2) [an orb of fire]
 66899 | Zot:5    | Killed an orb of fire
 66900 | Zot:5    | Reached skill level 10 in Evocations
 66983 | Zot:5    | Lost mutation: Your spells are a little harder to cast, but
                  | a little more powerful. [potion of mutation]
 66983 | Zot:5    | Lost mutation: You are covered in fur. (AC +1) [potion of
                  | mutation]
 66983 | Zot:5    | Lost mutation: You are clumsy. (Dex -2) [potion of
                  | mutation]
 66983 | Zot:5    | Gained mutation: Your magical capacity is low. (-10% MP)
                  | [potion of mutation]
 66983 | Zot:5    | Gained mutation: Your mind is acute. (Int +4, Str/Dex -1)
                  | [potion of mutation]
 66983 | Zot:5    | Lost mutation: Your mind is acute. (Int +4, Str/Dex -1)
                  | [potion of mutation]
 66983 | Zot:5    | Gained mutation: You are partially covered in iridescent
                  | scales. (AC +2) [potion of mutation]
 66984 | Zot:5    | Lost mutation: You are partially covered in iridescent
                  | scales. (AC +2) [potion of mutation]
 66984 | Zot:5    | Lost mutation: You are frail. (-10% HP) [potion of
                  | mutation]
 66984 | Zot:5    | Lost mutation: Your magical capacity is low. (-10% MP)
                  | [potion of mutation]
 66984 | Zot:5    | Gained mutation: You are partially covered in large bone
                  | plates. (SH +4) [potion of mutation]
 67284 | Zot:5    | Killed an orb of fire
 67565 | Zot:5    | Killed an orb of fire
 67678 | Zot:5    | Killed a Killer Klown
 68126 | Zot:5    | Got the Orb of Zot
 68132 | Zot:5    | Noticed Jalusm the pandemonium lord
 68298 | Zot:2    | Reached XP level 26. HP: 199/199 MP: 35/35
 68642 | D:12     | Noticed Lag Umm the pandemonium lord
 68710 | D:8      | Noticed Luweminak the pandemonium lord
 68877 | D:$      | Escaped with the Orb!

Illustrated notes

Levels and vault maps discovered:
D:1:      onia_arrival_pyramid, layout_basic
D:2:      layout_basic, minmay_octomino_c4, uniq_jessica, uniq_robin
D:3:      layout_loops_ring, lemuel_tele_altar, minitemple,
          minmay_goblin_outpost
D:4:      layout_layer_cave, okawaru_gym_becter, lemuel_crystal_altar,
          gammafunk_ghost_grave
D:5:      layout_loops_corners, mainiacjoe_overflow_surrounded_room,
          gammafunk_ghost_icy, grunt_ministairs_13
D:6:      layout_basic, minmay_temple_entry_sparse_star, serial_corexii_hall,
          chequers_hall_statues_corner_a, corexii_hall_statues_u,
          corexii_hall_statues_l, uniq_prince_ribbit1
D:7:      layout_basic, mainiacjoe_overflow_brackets, roderic_serpentine_path,
          chequers_serial_rivers_small_3, sword_in_stone
D:8:      layout_basic, erik_lair_island, kennysheep_generic_room_6
D:9:      layout_loops_ring, hellmonk_ghost_happy_afterlife
D:10:     layout_cross, nicolae_straight_to_the_point, uniq_harold, uniq_fannar
D:11:     layout_basic, hiddenorc2_lemuel
D:12:     layout_rooms, serial_shops, shop, tgw_sif
D:13:     layout_roguey [special_room_bee], corexii_checkpoint, uniq_sonja
D:14:     layout_loops_corners, david_vaults_3, minmay_misc_feat_secret_circle
D:15:     gammafunk_enter_depths_forms, layout_small_grid,
          yredelemnul_altar_generic, nicolae_kikubaaqudgha_miasma_corner
Lair:1:   layout_misc_corridors, dpeg_stationary_puzzle, grunt_megastairs_5
Lair:2:   statuecave_lemuel, layout_loops_ring, ebering_ghost_funeral_grove,
          chequers_serial_rivers_micro_d, grunt_megastairs_4
Lair:3:   layout_hall_layers, elwin_shoals_entry_rocks,
          nicolae_snake_entry_squirm, serial_bayou_pond_d,
          nicolae_lair_lil_pond, st_stairs_5, grunt_forest_large_clearings
Lair:4:   layout_long_grid, serial_bayou, serial_bayou_shore_b,
          serial_bayou_pond_d, serial_bayou_lagoon_a, serial_bayou_ford_a,
          portal_ice_cave_rime, uniq_snorg
Lair:5:   guppyfry_lair_end_dragon, layout_loops_ring, slime_entry_1,
          basic_altar, wad_woods_road_04, uniq_rupert
Shoals:1: layout_shoals, uniq_roxanne
Shoals:2: layout_shoals, ebering_ghost_disaster_area
Shoals:3: layout_shoals, ebering_ghost_gozag, uniq_ilsuiw, uniq_mara
Shoals:4: shoals_end_hellmonk_lost_city
Snake:1:  layout_onion_interference, uniq_azrael
Snake:2:  nicolae_snake_attic_fulla_snakes, layout_onion_interference,
          nicolae_shop_sticking_my_neck_out, minmay_shop_star,
          grunt_megastairs_2, uniq_aizul
Snake:3:  layout_misc_corridors, serial_shops, nicolae_shop_crystal
Snake:4:  grunt_snake_rune_pools, layout_cave_town, nicolae_shop_gadgets,
          uniq_vashnia
Slime:1:  layout_caves
Slime:2:  layout_caves, cheibrodos_slime_lost_civilization_7
Slime:3:  layout_caves
Slime:4:  layout_caves
Slime:5:  slime_pit_nicolae_amoeboid
Orc:1:    layout_caves, serial_shops, shop
Orc:2:    st_orc_rangers, layout_caves, basic_altar, lightli_church_of_beogh
Elf:1:    elf_arrival_001, layout_rooms, ebering_ghost_disaster_area,
          serial_shops, shop, minmay_elf_annihilation
Elf:2:    nicolae_elf_blades_splatter_lattice [nicolae_blade_lattice],
          layout_gridlike
Elf:3:    grunt_elf_hall_asides, layout_loops_cross, serial_shops,
          bzr_entry_islet
Vaults:1: mu_enter_wizlab_1, nicolae_vaults_tetromino_Z_2,
          nicolae_vaults_mitosis, st_octagons_1, nicolae_vaults_specimen_jars,
          v_misc_13, hangedman_vaults_stream, hangedman_vaults_corner_blocks,
          layout_vaults_ring
Vaults:2: minmay_crypt_entry_simple_box, vaults_dpeg_spiral,
          nicolae_vaults_two_Ls, vaults_room_pool, v_pattern_4, v_misc_28,
          ontoclasm_vaults_ring_small, nicolae_vaults_trapezoid_3,
          nicolae_vaults_two_Ls, nicolae_vaults_tetromino_T_2,
          layout_vaults_omnicross, serial_glass, serial_shops,
          nicolae_shop_dealshenge
Vaults:3: nicolae_vaults_three_branches, grunt_vaults_twisty, v_misc_5,
          nicolae_vaults_network_s, ontoclasm_vaults_idyll,
          nicolae_vaults_circle_grid_a, v_misc_12, nicolae_vaults_trapezoid_2,
          nicolae_vaults_double_plus_1, grunt_vaults_diagonal,
          layout_vaults_quadrants, serial_shops, shop, uniq_donald
Vaults:4: hellmonk_ghost_big_iron, nicolae_vaults_diamond_1,
          ontoclasm_vaults_ring_small, nicolae_vaults_storage_room_water,
          nicolae_vaults_oval_intersection, nicolae_vaults_yaktaur_gun_rack,
          nicolae_vaults_closet_pinwheel_5, grunt_vaults_hallway_short,
          nicolae_vaults_tetromino_T_2, ontoclasm_vaults_chip,
          layout_vaults_big_room, serial_shops, bzr_firewalk, uniq_margery
Depths:1: minmay_the_grid_square_5x5_3x3
          [minmay_the_grid_square_5x5_intrusive_squares,
          minmay_the_grid_square_5x5_minimal, minmay_the_grid_square_5x5_two,
          minmay_the_grid_square_5x5_plus,
          minmay_the_grid_square_5x5_megaprize_crossed,
          minmay_the_grid_square_5x5_hollow_slash,
          minmay_the_grid_square_5x5_dogpile,
          minmay_the_grid_square_5x5_pentomino_r,
          minmay_the_grid_square_5x5_fat_x], layout_gridlike, enter_ziggurat_a,
          ebering_dispersal_statue_hall, hell_entry, serial_shops, shop,
          zin_purify, serial_bayou_shore_b
Depths:2: grunt_bruiser_brothers, layout_gridlike,
          ashenzari_conservatory_becter, hangedman_coc_ice_floe, pan_entry,
          serial_shops, nicolae_shop_tiny_statue_garden, shop, uniq_enchantress
Depths:3: evilmike_iron_armoury, layout_cave_shapes, grunt_hell_entry_dis_mu,
          abyss_entry, infiniplex_staircase_pool_2, grunt_megastairs_3,
          minmay_shop_grove, serial_bayou_shore_b, uniq_jory
Depths:4: hangedman_spin_cycle, serial_shops, hell_entry, uniq_josephina
Zot:1:    layout_basic, zot_minivault_1
Zot:2:    layout_onion, uniq_tiamat
Zot:3:    layout_gridlike, ebering_ghost_rock_garden,
          regret_index_zotdec_banners, bh_zot_levy_curve, st_stairs_3,
          grunt_ministairs_15, zot_minivault_3
Zot:4:    layout_gridville, grunt_megastairs_1
Zot:5:    layout_gridlike, nicolae_diode_basic

Skill      XL: |  1  2  3  4  5  6  7  8  9 10 11 12 13 14 15 16 17 18 19 20 21 22 23 24 25 |
---------------+----------------------------------------------------------------------------+-----
Ranged Weapons | 3 4 5 6 7 9 11 12 14 15 16 18 19 20 22 24 26 | 26.0
Hexes          | 4 5 6 8 9 10 11 | 11.5
Spellcasting   | 2 4 5 6 7 |  7.4
Fighting       | 3 5 7 8 9 10 11 14 15 16 17 18 19 20 21 | 21.4
Dodging        | 4 6 7 8 9 10 12 13 15 16 17 18 | 18.9
Evocations     | 2 3 5 6 8 10 | 10.0
Translocations | 3 5 6 7 8 |  8.0
Invocations    | 4 8 10 11 13 15 17 | 17.1
Armour         | 5 8 10 | 10.0
Stealth        | 3 5 |  5.0
Fire Magic     | |  1.0

Action                     |  1- 3 |  4- 6 |  7- 9 | 10-12 | 13-15 | 16-18 | 19-21 | 22-24 | 25-27 || total
---------------------------+-------+-------+-------+-------+-------+-------+-------+-------+-------++-------
  Melee: Whip              |     6 |    18 |       |     2 |       |       |       |       |       ||    26
         Arbalest          |       |       |       |       |     4 |       |       |       |       ||     4
   Fire: Sling             |   119 |   158 |   148 |       |       |       |       |       |       ||   425
         Orcbow            |       |       |    83 |   593 |   874 |       |       |       |       ||  1550
         Arbalest          |       |       |       |       |   289 |   961 |   819 |       |       ||  2069
         Longbow           |       |       |       |       |       |    47 |    74 |       |       ||   121
         Triple crossbow   |       |       |       |       |       |       |    98 |  1081 |   309 ||  1488
   Cast: Jinxbite          |     7 |    27 |    41 |    79 |   150 |   130 |    83 |     4 |       ||   521
         Inner Flame       |       |       |     4 |    22 |    35 |    13 |    18 |       |       ||    92
         Cause Fear        |       |       |       |     2 |    13 |     1 |       |       |       ||    16
         Dimensional Bulls |       |       |       |       |       |    21 |    41 |    13 |     7 ||    82
         Blink             |       |       |       |       |       |     1 |       |       |       ||     1
         Sigil of Binding  |       |       |       |       |       |       |     1 |     2 |       ||     3
         Passage of Golubr |       |       |       |       |       |       |       |       |     1 ||     1
 Invoke: Recall Ancestor   |       |       |     6 |     8 |    22 |    12 |    11 |    11 |    11 ||    81
         Ancestor Identity |       |       |     1 |       |       |       |       |       |       ||     1
         Ancestor Life: Kn |       |       |       |     1 |       |       |       |       |       ||     1
         Idealise          |       |       |       |       |     1 |       |       |     2 |     1 ||     4
Ability: Begin Untransform |       |     1 |       |       |       |       |       |       |       ||     1
         Evoke Blink       |       |       |       |       |     4 |     8 |     1 |     1 |       ||    14
  Evoke: Wand              |       |       |     2 |    11 |     9 |     6 |     1 |     4 |     6 ||    39
    Use: Scroll            |       |       |    19 |    16 |     7 |    17 |    24 |    10 |     7 ||   100
         Potion            |       |       |     6 |     1 |     3 |     1 |     2 |    11 |    33 ||    57
 Armour: Robe              |    47 |    34 |    77 |    52 |       |       |       |       |       ||   210
         Leather armour    |       |       |       |   122 |   222 |   284 |   129 |   139 |       ||   896
         Skin              |       |       |       |       |     1 |       |       |       |       ||     1
         Acid dragon scale |       |       |       |       |       |       |       |    78 |    83 ||   161
  Dodge: Dodged            |    46 |    41 |   103 |   206 |   418 |   578 |   314 |   412 |   158 ||  2276
  Block: Other             |       |       |       |       |       |       |       |    34 |    29 ||    63
         Reflection        |       |       |       |       |       |       |       |     4 |       ||     4
   Form: Beast             |       |     1 |       |       |       |       |       |       |       ||     1
